AoeStats
← FÜHRER

Black Forest

505936977Analyzed
2v2 RM · 20d ago on Sep 11, 2026· 67m 45s· 4 players
Game mode
Random Map
Map size
Medium (4 player)
Population
200
Speed
Normal
Resources
Standard
Victory
Conquest
Starting age
Dark Age
Ending age
Imperial Age
RankedLock teamsTeams togetherTeam positionsShared explorationLock speedFull tech treeHidden civsTurbo modeCheats
Victory
Defeat
🇹🇷 Turks · Türkiye
589
+11
🇹🇷 Turks · Türkiye
429
+18
🇬🇧 Khmer · United Kingdom
487
-15
🇬🇧 Inca · United Kingdom
454
-14
Bananaggedon
12:54 Feudal Age
13:50 Double-Bit Axe
13:49 Horse Collar
18:29 Wheelbarrow
19:58 Loom
27:33 Castle Age
26:35 Gold Mining
26:40 Stone Mining
27:41 Forging
27:32 Scale Mail Armor
28:21 Heavy Plow
28:34 Bow Saw
29:29 Husbandry
30:12 Pikeman
32:27 Gold Shaft Mining
34:05 Hand Cart
33:36 Town Watch
35:41 Iron Casting
36:42 Caravan
36:49 Padded Archer Armor
37:57 Ballistics
40:15 Stone Shaft Mining
39:59 Chain Mail Armor
39:50 Scale Barding Armor
43:05 Imperial Age
40:58 Elite Skirmisher
43:49 Elite Ballista Elephant
44:50 Conscription
45:53 Town Patrol
46:28 Crop Rotation
47:01 Blast Furnace
46:21 Chain Barding Armor
46:17 Leather Archer Armor
45:53 Fletching
46:16 Masonry
49:01 Bloodlines
48:12 Light Cavalry
49:00 Murder Holes
49:36 Architecture
50:07 Chemistry
49:23 Siege Engineers
50:12 Plate Barding Armor
50:12 Double Crossbow
53:53 Halberdier
64:23 Coinage
Adamazing
11:05 Loom
14:53 Feudal Age
20:35 Wheelbarrow
19:47 Town Watch
19:57 Double-Bit Axe
19:55 Horse Collar
23:21 Castle Age
22:03 Wheelbarrow
21:14 Town Watch
22:55 Stone Mining
22:58 Gold Mining
24:44 Heavy Plow
24:59 Bow Saw
24:15 Champi Runner
26:02 Champi Warrior
28:35 Murder Holes
29:52 Stone Shaft Mining
29:55 Gold Shaft Mining
34:30 Forging
34:11 Fletching
34:22 Scale Mail Armor
34:47 Ballistics
34:52 Hand Cart
34:44 Town Patrol
34:21 Pikeman
35:02 Squires
34:47 Arson
37:14 Treadmill Crane
37:42 Caravan
38:05 Andean Sling
41:15 Imperial Age
41:18 Thumb Ring
42:10 Fabric Shields
41:35 Elite Skirmisher
48:28 Crop Rotation
47:37 Elite Champi Warrior
48:58 Iron Casting
48:19 Bodkin Arrow
48:40 Chain Mail Armor
48:26 Padded Archer Armor
49:38 Chemistry
50:07 Elite Kamayuk
52:31 Blast Furnace
59:17 Conscription
64:20 Plate Mail Armor
Sake
14:52 Feudal Age
16:23 Wheelbarrow
17:21 Horse Collar
19:52 Double-Bit Axe
27:41 Castle Age
26:12 Gold Mining
26:18 Stone Mining
28:58 Hand Cart
29:20 Bow Saw
30:09 Heavy Plow
32:04 Gold Shaft Mining
38:55 Coinage
38:25 Caravan
43:28 Imperial Age
43:39 Imperial Age
46:07 Two-Man Saw
47:05 Squires
46:33 Elite Janissary
48:25 Padded Archer Armor
48:25 Scale Mail Armor
48:36 Forging
48:16 Fletching
48:32 Scale Barding Armor
48:51 Bombard Tower
48:54 Ballistics
48:24 Heated Shot
48:45 Masonry
48:32 Murder Holes
48:48 Fortified Wall
50:22 Chain Mail Armor
50:23 Leather Archer Armor
49:50 Heavy Scorpion
49:52 Capped Ram
51:08 Bodkin Arrow
51:49 Iron Casting
59:59 Siege Ram
FÜHRER
15:07 Feudal Age
16:26 Wheelbarrow
15:40 Double-Bit Axe
15:40 Horse Collar
18:38 Gold Mining
24:06 Castle Age
22:56 Stone Mining
23:47 Arson
25:04 Hand Cart
25:06 Bow Saw
25:46 Gold Shaft Mining
26:51 Heavy Plow
26:49 Fletching
29:22 Ballistics
29:32 Bloodlines
29:05 Treadmill Crane
29:35 Scale Barding Armor
29:41 Forging
29:26 Bodkin Arrow
29:32 Padded Archer Armor
29:35 Scale Mail Armor
31:08 Caravan
34:42 Imperial Age
33:17 Sipahi
33:39 Chain Barding Armor
34:00 Town Watch
34:01 Loom
34:21 Guard Tower
36:05 Iron Casting
35:38 Squires
36:57 Two-Man Saw
36:38 Conscription
37:05 Leather Archer Armor
37:47 Town Patrol
39:44 Plate Barding Armor
41:03 Arrowslits
42:22 Hoardings
45:43 Elite Janissary
46:41 Artillery
48:35 Ring Archer Armor
65:50 Guilds
65:41 Heavy Camel Rider
Connection lost

Rejoining the realm…

Still unreachable

The connection could not be restored.

Session expired

The server has moved on; the page needs a fresh start.